EL
FRISCO ROUGHRIDERS @ AKRON RUBBERDUCKS
07/15/2047
 
TOP OF THE 1ST
Frisco RoughRiders batting - Pitching for Akron RubberDucks : RHP Andy Zecher
Pitching: RHP Andy Zecher
Batting: LHB Chris Moody 0-0: Ball
1-0: Ball
2-0: Ground out 5-3 (Groundball, 56, EV 110.0 MPH)
Batting: LHB Manuel Arguello 0-0: Ball
1-0: Called Strike
1-1: Ball
2-1: Ground out U3 (Groundball, 3L, EV 111.2 MPH)
Batting: LHB Yasahiko Teshima 0-0: Ball
1-0: Called Strike
1-1: Foul Ball, location: 2F
1-2: Foul Ball, location: 2F
1-2: Ball
2-2: SINGLE (Line Drive, 9S, EV 98.1 MPH)
Batting: RHB Andrew Clarke 0-0: Ball
1-0: Called Strike
1-1: Foul Ball, location: 2F
1-2: Foul Ball, location: 2F
1-2: Ball
2-2: Ball
Pickoff Throw by Catcher to First - Error! E2
Yasahiko Teshima to second
3-2: Foul Ball, location: 2F
3-2: SINGLE (Line Drive, 7S, EV 90.0 MPH)
Yasahiko Teshima to third
Runner from 3rd tries for Home, SAFE, throw by LF to home
Batting: LHB Mike Sammons 0-0: Called Strike
Andrew Clarke steals 2nd base
0-1: Swinging Strike
0-2: Ball
1-2: Ball
2-2: Strikes out swinging
Top of the 1st over - 1 run, 2 hits, 1 error, 1 left on base; Frisco 1 - Akron 0
BOTTOM OF THE 1ST
Akron RubberDucks batting - Pitching for Frisco RoughRiders : LHP Marc Wentzell
Pitching: LHP Marc Wentzell
Batting: RHB Danny Eberhart 0-0: Called Strike
0-1: Ball
1-1: Swinging Strike
1-2: Ball
2-2: Foul Ball, location: 2F
2-2: Foul Ball, location: 2F
2-2: Foul Ball, location: 2F
2-2: Foul Ball, location: 2F
2-2: Hit by Pitch
Batting: RHB Luis Restrepo 0-0: Ball
1-0: Swinging Strike
1-1: Ball
2-1: 2-RUN HOME RUN (Flyball, 9D, EV 93.1 MPH), Distance : 367 ft
Batting: RHB Justin Lauderdale 0-0: Ball
1-0: Ball
2-0: Ball
3-0: Called Strike
3-1: Base on Balls
Batting: RHB Rico Coss 0-0: 2-RUN HOME RUN (Flyball, 7D, EV 98.8 MPH), Distance : 368 ft
Batting: RHB Josh Sinden 0-0: Ball
1-0: Ball
2-0: Ball
3-0: Base on Balls
Batting: LHB Jesus Romero 0-0: Swinging Strike
0-1: Swinging Strike
0-2: Strikes out swinging
Batting: RHB Ian Sousa 0-0: Called Strike
0-1: Foul Ball, location: 2F
0-2: Strikes out swinging
Batting: LHB Aaron Caron 0-0: Foul Ball, location: 2F
0-1: Ball
Pickoff Throw to First - Out! 1-3
Bottom of the 1st over - 4 runs, 2 hits, 0 errors, 0 left on base; Frisco 1 - Akron 4
TOP OF THE 2ND
Frisco RoughRiders batting - Pitching for Akron RubberDucks : RHP Andy Zecher
Batting: RHB Chris Torlak 0-0: Called Strike
0-1: Ball
1-1: Foul Ball, location: 2F
1-2: Strikes out swinging
Batting: RHB Carlos Lopez 0-0: Ball
1-0: Fly out, F7 (Line Drive, 7S, EV 86.9 MPH)
Batting: RHB Joe Kemp 0-0: Ball
1-0: Ball
2-0: Called Strike
2-1: Ball
3-1: Called Strike
3-2: Base on Balls
Batting: SHB Isaiah Cherry 0-0: Ball
1-0: Ball
2-0: Ball
3-0: Ground out 4-3 (Groundball, 4, EV 80.0 MPH)
Top of the 2nd over - 0 runs, 0 hits, 0 errors, 1 left on base; Frisco 1 - Akron 4
BOTTOM OF THE 2ND
Akron RubberDucks batting - Pitching for Frisco RoughRiders : LHP Marc Wentzell
Batting: LHB Aaron Caron 0-0: SINGLE (Line Drive, 6D, EV 103.8 MPH)
Batting: RHB Justin Ganey 0-0: Ball
1-0: Ball
2-0: Foul Ball, location: 2F
2-1: Foul Ball, location: 2F
2-2: Fly out, F9 (Flyball, 9D, EV 98.1 MPH)
Batting: RHB Danny Eberhart 0-0: Ball
1-0: Foul Ball, location: 2F
1-1: Foul Ball, location: 2F
1-2: Foul Ball, location: 2F
1-2: SINGLE (Groundball, 6S, EV 61.9 MPH) (infield hit)
Aaron Caron to second
Batting: RHB Luis Restrepo 0-0: Grounds out, U3 (Groundball, 3L, EV 88.1 MPH)
Aaron Caron to third
Batting: RHB Justin Lauderdale 0-0: Ball
1-0: Foul Ball, location: 2F
1-1: Ball
2-1: Ball
3-1: Called Strike
3-2: Ground out 5-3 (Groundball, 56, EV 108.1 MPH)
Bottom of the 2nd over - 0 runs, 2 hits, 0 errors, 2 left on base; Frisco 1 - Akron 4
TOP OF THE 3RD
Frisco RoughRiders batting - Pitching for Akron RubberDucks : RHP Andy Zecher
Batting: LHB Chris Moody 0-0: Called Strike
0-1: Called Strike
0-2: Ball
1-2: Ball
2-2: Strikes out swinging
Batting: LHB Manuel Arguello 0-0: Swinging Strike
0-1: Ball
1-1: Foul Ball, location: 2F
1-2: Fly out, F8 (Flyball, 78M, EV 84.4 MPH)
Batting: LHB Yasahiko Teshima 0-0: Called Strike
0-1: Ball
1-1: Ball
2-1: Ball
3-1: Foul Ball, location: 2F
3-2: Ground out U3 (Groundball, 3L, EV 105.6 MPH)
Top of the 3rd over - 0 runs, 0 hits, 0 errors, 0 left on base; Frisco 1 - Akron 4
BOTTOM OF THE 3RD
Akron RubberDucks batting - Pitching for Frisco RoughRiders : LHP Marc Wentzell
Batting: RHB Rico Coss 0-0: Called Strike
0-1: Foul Ball, location: 2F
0-2: Ball
1-2: Ball
2-2: Strikes out swinging
Batting: RHB Josh Sinden 0-0: SOLO HOME RUN (Flyball, 89XD, EV 108.1 MPH), Distance : 393 ft
Batting: LHB Jesus Romero 0-0: Ball
1-0: Swinging Strike
1-1: Ball
2-1: Swinging Strike
2-2: Foul Ball, location: 2F
2-2: Foul Ball, location: 2F
2-2: Ball
3-2: Foul Ball, location: 2F
3-2: Fly out, F7 (Flyball, 7LM, EV 97.5 MPH)
Batting: RHB Ian Sousa 0-0: Called Strike
0-1: Ball
1-1: Ball
2-1: SINGLE (Groundball, 13S, EV 66.9 MPH) (infield hit)
Pitching: RHP Mario Lopez
Batting: LHB Aaron Caron 0-0: Called Strike
0-1: Swinging Strike
0-2: SINGLE (Line Drive, 3L, EV 96.9 MPH)
Ian Sousa to second
Runner from 2nd tries for 3rd, SAFE, throw by RF made to third
Batting: RHB Justin Ganey 0-0: Ball
1-0: Foul Ball, location: 2F
1-1: Foul Ball, location: 2F
1-2: Ground out 4-3 (Groundball, 34S, EV 85.0 MPH)
Bottom of the 3rd over - 1 run, 3 hits, 0 errors, 2 left on base; Frisco 1 - Akron 5
TOP OF THE 4TH
Frisco RoughRiders batting - Pitching for Akron RubberDucks : RHP Andy Zecher
Batting: RHB Andrew Clarke 0-0: Ball
1-0: Called Strike
1-1: Ball
2-1: DOUBLE (Line Drive, 89XD, EV 100.0 MPH)
Batting: LHB Mike Sammons 0-0: Foul Ball, location: 2F
0-1: Foul Ball, location: 2F
0-2: Foul Ball, location: 2F
0-2: Ball
1-2: Foul Ball, location: 2F
1-2: Fly out, F9 (Flyball, 9, EV 87.5 MPH)
Batting: RHB Chris Torlak 0-0: Fly out, F9 (Flyball, 9, EV 83.1 MPH)
Runner from 2nd tags up, OUT at 3rd! 9-5
Top of the 4th over - 0 runs, 1 hit, 0 errors, 0 left on base; Frisco 1 - Akron 5
BOTTOM OF THE 4TH
Akron RubberDucks batting - Pitching for Frisco RoughRiders : RHP Mario Lopez
Batting: RHB Danny Eberhart 0-0: Called Strike
0-1: Ball
1-1: Foul Ball, location: 2F
1-2: Foul Ball, location: 2F
1-2: Fly out, F9 (Flyball, 89XD, EV 93.8 MPH)
Batting: RHB Luis Restrepo 0-0: Foul Ball, location: 2F
0-1: Foul Ball, location: 2F
0-2: Ball
1-2: Foul Ball, location: 2F
1-2: Ball
2-2: Ball
3-2: Base on Balls
Batting: RHB Justin Lauderdale 0-0: Ball
1-0: Grounds into double play, 6-4-3 (Groundball, 6, EV 111.2 MPH)
Bottom of the 4th over - 0 runs, 0 hits, 0 errors, 0 left on base; Frisco 1 - Akron 5
TOP OF THE 5TH
Frisco RoughRiders batting - Pitching for Akron RubberDucks : RHP Andy Zecher
Batting: RHB Carlos Lopez 0-0: Swinging Strike
0-1: Ball
1-1: Hit by Pitch
Batting: RHB Joe Kemp 0-0: Called Strike
Carlos Lopez steals 2nd base (no throw)
0-1: Ball
1-1: Ground out 1-3 (Groundball, P, EV 75.0 MPH)
Carlos Lopez to third
Batting: SHB Isaiah Cherry 0-0: Ball
1-0: Ball
2-0: Ball
3-0: Called Strike
3-1: Foul Ball, location: 2F
3-2: Strikes out swinging
Batting: LHB Chris Moody 0-0: Foul Ball, location: 2F
0-1: Called Strike
0-2: Foul Ball, location: 2F
0-2: Ball
1-2: Ground out U3 (Groundball, 3L, EV 85.0 MPH)
Top of the 5th over - 0 runs, 0 hits, 0 errors, 1 left on base; Frisco 1 - Akron 5
BOTTOM OF THE 5TH
Akron RubberDucks batting - Pitching for Frisco RoughRiders : RHP Mario Lopez
Batting: RHB Rico Coss 0-0: SINGLE (Line Drive, 4M, EV 101.2 MPH)
Batting: RHB Josh Sinden 0-0: Called Strike
Rico Coss steals 2nd base
0-1: Foul Ball, location: 2F
0-2: Ball
1-2: Ball
2-2: Foul Ball, location: 2F
2-2: Ball
3-2: Base on Balls
Batting: LHB Jesus Romero 0-0: Swinging Strike
0-1: Ball
1-1: Ball
2-1: Swinging Strike
2-2: Fly out, F7 (Flyball, 7, EV 91.2 MPH)
Batting: RHB Ian Sousa 0-0: Ball
1-0: Swinging Strike
1-1: Swinging Strike
1-2: Ball
2-2: Ball
3-2: Foul Ball, location: 2F
3-2: Base on Balls
Rico Coss to third
Josh Sinden to second
Batting: LHB Aaron Caron 0-0: Fielders Choice at 2nd, 3-6 (Groundball, 3S, EV 82.5 MPH)
Rico Coss scores
Josh Sinden to third
Batting: RHB Justin Ganey 0-0: Ball
1-0: Called Strike
1-1: Ground out 4-3 (Groundball, 4MS, EV 90.0 MPH)
Bottom of the 5th over - 1 run, 1 hit, 0 errors, 2 left on base; Frisco 1 - Akron 6
TOP OF THE 6TH
Frisco RoughRiders batting - Pitching for Akron RubberDucks : RHP Andy Zecher
Batting: LHB Manuel Arguello 0-0: Ball
1-0: Ball
2-0: Fly out, F8 (Flyball, 8RXD, EV 108.1 MPH)
Batting: LHB Yasahiko Teshima 0-0: SOLO HOME RUN (Flyball, 9LD, EV 93.8 MPH), Distance : 347 ft
Batting: RHB Andrew Clarke 0-0: Swinging Strike
0-1: Ball
1-1: Called Strike
1-2: Foul Ball, location: 2F
1-2: Fly out, F8 (Flyball, 8RD, EV 81.9 MPH)
Batting: LHB Mike Sammons 0-0: Called Strike
0-1: Ball
1-1: Swinging Strike
1-2: Strikes out looking
Top of the 6th over - 1 run, 1 hit, 0 errors, 0 left on base; Frisco 2 - Akron 6
BOTTOM OF THE 6TH
Akron RubberDucks batting - Pitching for Frisco RoughRiders : RHP Mario Lopez
Batting: RHB Danny Eberhart 0-0: Ball
1-0: Ball
2-0: Ground out 5-3 (Groundball, 56, EV 82.5 MPH)
Batting: RHB Luis Restrepo 0-0: Ball
1-0: Foul Ball, location: 2F
1-1: Swinging Strike
1-2: Foul Ball, location: 2F
1-2: Strikes out swinging
Batting: RHB Justin Lauderdale 0-0: Called Strike
0-1: Called Strike
0-2: Foul Ball, location: 2F
0-2: Ball
1-2: Ball
2-2: Ball
3-2: Fly out, F8 (Flyball, 89XD, EV 90.6 MPH)
Bottom of the 6th over - 0 runs, 0 hits, 0 errors, 0 left on base; Frisco 2 - Akron 6
TOP OF THE 7TH
Frisco RoughRiders batting - Pitching for Akron RubberDucks : RHP Andy Zecher
Batting: RHB Chris Torlak 0-0: Called Strike
0-1: Ball
1-1: Ball
2-1: Foul Ball, location: 2F
2-2: Foul Ball, location: 2F
2-2: Foul Ball, location: 2F
2-2: SINGLE (Flyball, 34D, EV 89.4 MPH)
Batting: RHB Carlos Lopez 0-0: Called Strike
0-1: Fly out, F7 (Flyball, 78S, EV 75.6 MPH)
Batting: RHB Joe Kemp Pickoff Play to 1st, Runner tries for 2nd, OUT after rundown.
0-0: Swinging Strike
0-1: SINGLE (Flyball, 6D, EV 95.0 MPH)
Batting: SHB Isaiah Cherry 0-0: Called Strike
0-1: Called Strike
Joe Kemp steals 2nd base
0-2: 2-RUN HOME RUN (Flyball, 8LXD, EV 113.1 MPH), Distance : 420 ft
Batting: LHB Chris Moody 0-0: Foul Ball, location: 2F
0-1: DOUBLE (Line Drive, 78XD, EV 110.0 MPH)
Pitching: RHP Ryan Southerland
Batting: LHB Manuel Arguello 0-0: Called Strike
0-1: Called Strike
0-2: Ball
1-2: Ball
2-2: Strikes out swinging
Top of the 7th over - 2 runs, 4 hits, 0 errors, 1 left on base; Frisco 4 - Akron 6
BOTTOM OF THE 7TH
Akron RubberDucks batting - Pitching for Frisco RoughRiders : RHP Mario Lopez
Pitching: RHP Takehide Tanaka
Batting: RHB Rico Coss 0-0: SOLO HOME RUN (Flyball, 7LD, EV 96.2 MPH), Distance : 359 ft
Batting: RHB Josh Sinden 0-0: Called Strike
0-1: Foul Ball, location: 2F
0-2: Foul Ball, location: 2F
0-2: Ball
1-2: Foul Ball, location: 2F
1-2: Strikes out looking
Batting: LHB Jesus Romero 0-0: Called Strike
0-1: Ball
1-1: Fly out, F8 (Flyball, 89M, EV 86.9 MPH)
Batting: RHB Ian Sousa 0-0: Foul Ball, location: 2F
0-1: Swinging Strike
0-2: Ball
1-2: Strikes out swinging
Bottom of the 7th over - 1 run, 1 hit, 0 errors, 0 left on base; Frisco 4 - Akron 7
TOP OF THE 8TH
Frisco RoughRiders batting - Pitching for Akron RubberDucks : RHP Ryan Southerland
Batting: LHB Yasahiko Teshima 0-0: Ball
1-0: Ball
2-0: Called Strike
2-1: SINGLE (Line Drive, 78S, EV 93.1 MPH)
Batting: RHB Andrew Clarke 0-0: 2-RUN HOME RUN (Flyball, 9D, EV 96.2 MPH), Distance : 369 ft
Batting: LHB Mike Sammons 0-0: Called Strike
0-1: Ball
1-1: Foul Ball, location: 2F
1-2: DOUBLE (Line Drive, 8RXD, EV 103.8 MPH)
Batting: RHB Chris Torlak 0-0: Ball
1-0: Called Strike
1-1: Swinging Strike
1-2: Foul Ball, location: 2F
1-2: Strikes out swinging
Batting: RHB Carlos Lopez 0-0: Called Strike
0-1: Ground out 6-3 (Groundball, 6D, EV 106.2 MPH)
Batting: RHB Joe Kemp 0-0: Called Strike
0-1: Ball
1-1: Ball
2-1: Ball
3-1: Fly out, F8 (Line Drive, 8RM, EV 101.9 MPH)
Top of the 8th over - 2 runs, 3 hits, 0 errors, 1 left on base; Frisco 6 - Akron 7
BOTTOM OF THE 8TH
Akron RubberDucks batting - Pitching for Frisco RoughRiders : RHP Takehide Tanaka
Batting: LHB Aaron Caron 0-0: Foul Ball, location: 2F
0-1: Swinging Strike
0-2: Ball
1-2: Foul Ball, location: 2F
1-2: Foul Ball, location: 2F
1-2: Strikes out looking
Batting: RHB Justin Ganey 0-0: Called Strike
0-1: Ball
1-1: Ball
2-1: Called Strike
2-2: Ground out 6-3 (Groundball, 6, EV 83.8 MPH)
Batting: RHB Danny Eberhart 0-0: Foul Ball, location: 2F
0-1: Called Strike
0-2: Ball
1-2: Ball
2-2: Foul Ball, location: 2F
2-2: SINGLE (Groundball, 6MD, EV 101.9 MPH)
Batting: RHB Luis Restrepo 0-0: Ball
1-0: Ball
Pickoff Throw to First - Error! E1
Danny Eberhart to second
2-0: Foul Ball, location: 2F
2-1: Called Strike
2-2: Hit by Pitch
Batting: RHB Justin Lauderdale 0-0: Ball
1-0: Ground out 6-3 (Groundball, 6D, EV 101.9 MPH)
Bottom of the 8th over - 0 runs, 1 hit, 1 error, 2 left on base; Frisco 6 - Akron 7
TOP OF THE 9TH
Frisco RoughRiders batting - Pitching for Akron RubberDucks : RHP Ryan Southerland
Pitching: LHP Katsumi Omura
Now at 1B: Kevin Wiles
Batting: SHB Isaiah Cherry 0-0: Swinging Strike
0-1: Swinging Strike
0-2: Ball
1-2: Ball
2-2: Strikes out swinging
Pinch Hitting: RHB Reilly Hawkins 0-0: Foul Ball, location: 2F
0-1: Ball
1-1: Called Strike
1-2: Ground out 5-3 (Groundball, 5L, EV 102.5 MPH)
Pinch Hitting: RHB Chad Thompson 0-0: Called Strike
0-1: Foul Ball, location: 2F
0-2: Ball
1-2: Strikes out swinging
Top of the 9th over - 0 runs, 0 hits, 0 errors, 0 left on base; Frisco 6 - Akron 7
Thursday, December 15th , 2022 - OOTP Baseball 23.9 Build 102